 Dungeon Crawl Stone Soup version 0.28-a0-401-ge240ad9e29 (webtiles) character file.

Game seed: 2490472367091771918

27 ytrimaz the Insei (level 2, -7/22 HPs)
             Began as a Demigod Transmuter on Sept 4, 2021.
             Mangled by Terence (9 damage)
             ... on level 2 of the Dungeon.
             The game lasted 00:03:09 (2184 turns).

ytrimaz the Insei (Demigod Transmuter)              Turns: 2184, Time: 00:03:09

Health: -7/22      AC:  2    Str: 11    XL:     2   Next: 72%
Magic:  4/7        EV: 12    Int: 15    God:
Gold:   65         SH:  0    Dex: 14    Spells: 2/5 levels left

rFire   . . .      SeeInvis .     - Unarmed
rCold   . . .      Faith    .   (no shield)
rNeg    . . .      Spirit   .   a - +0 robe
rPois   .          Reflect  .   (helmet currently unavailable)
rElec   .          Harm     .   (no cloak)
rCorr   .          Rampage  .   (no gloves)
Will    .....                   (boots currently unavailable)
Stlth   +.........              (no amulet)
HPRegen 0.07/turn               (no ring)
MPRegen 0.10/turn               (no ring)

@: lethally poisoned (-7 -> -12), appendages (expiring), wereblooded
A: horns 2, talons 2, high mp 1, forlorn
a: End Transformation


You were on level 2 of the Dungeon.
You had temporarily grown beastly horns and talons.
You visited 1 branch of the dungeon, and saw 2 of its levels.

You collected 65 gold pieces.

Inventory:

Armour
 a - a +0 robe (worn)
 b - a +0 pair of boots (melded)
Scrolls
 c - 2 scrolls of identify
 e - 2 scrolls of teleportation
 f - 2 scrolls of noise {unknown}
Potions
 d - a potion of mutation
 g - 2 potions of lignification {unknown}


   Skills:
 - Level 0.8 Fighting
 - Level 1.7 Dodging
 * Level 3.5 Unarmed Combat
 * Level 2.1 Spellcasting
 - Level 1.7 Transmutations


You had 2 spell levels left.
You knew the following spells:

 Your Spells              Type           Power      Damage    Failure   Level
a - Beastly Appendage     Tmut           12%        N/A       11%         1
b - Wereblood             Tmut           6%         N/A       16%         2

Your spell library contained the following spells:

 Spells                   Type           Power      Damage    Failure   Level
 Spider Form              Tmut/Pois      2%         N/A       43%         3
 Ice Form                 Ice/Tmut       4%         N/A       83%         4


Dungeon Overview and Level Annotations

Branches:
Dungeon (2/15)

Annotations:
D:2 Sigmund, Terence


Innate Abilities, Weirdness & Mutations

You have temporarily grown beastly horns and talons.
Your attributes grow dramatically as you level up.
You have an increased reservoir of magic. (+10% MP)
You shall have no god before yourself.


Message History

c - 2 scrolls of identify (gained 1)
Found a glowing silver altar of Zin.
Terence the Incautious comes into view.
He is wielding a +2 trident of venom.
A kobold comes into view. It is wielding a +0 dagger.
The kobold shouts!
The ball python hisses angrily.
Terence shouts!
Press: ? - help, v - describe, . - travel
Here: Terence, wielding a +2 trident of venom and wearing a +0 ring mail The floor.
Terence says, "You're history."
Casting: Beastly Appendage (safe; 11% risk of failure)
Confirm with . or Enter, or press ? or * to list all spells.
Your blood is infused with primal strength.
Casting: Wereblood (safe; 16% risk of failure)
Confirm with . or Enter, or press ? or * to list all spells.
You grow a pair of large bovine horns.
Your feet morph into talons.
Your +0 pair of boots melds into your body.
Terence barely misses you.
You hit Terence.
Terence is lightly wounded.
Terence hits you but does no damage.
You are poisoned.
The kobold hits you but does no damage.
You barely miss Terence. Your kick misses Terence.
Terence is lightly wounded.
You feel very sick.
Terence hits you with a +2 trident of venom!
The kobold hits you with a +0 dagger.
You hit Terence.
Terence is moderately wounded.
Your transformation is almost over.
You feel sick.
Terence hits you with a +2 trident of venom.
* * * LOW HITPOINT WARNING * * *
You hit Terence but do no damage.
Terence is moderately wounded.
* * * LOW HITPOINT WARNING * * *
You feel sick. The kobold misses you.
Terence hits you with a +2 trident of venom!
You die...

#.#### #.#
#####.## #......#
#.###..# ##..# #
#...# #.##.#.#
#......# #######
####@#####.......
#@KS..........
######..._....
#........
#........
#........
######S## ... ##


You could see Terence, a ball python and a kobold.

Vanquished Creatures
  A dart slug (D:1)
  2 ball pythons (D:1)
  2 bats
  4 endoplasms
  2 hobgoblins
  2 quokkas
  2 frilled lizards (D:2)
  4 goblins
  2 kobolds
  A rat (D:2)
22 creatures vanquished.

Notes
Turn   | Place    | Note
-------+----------+-------------------------------------------
     0 | D:1      | ytrimaz the Demigod Transmuter began the quest for the Orb.
     0 | D:1      | Reached XP level 1. HP: 15/15 MP: 5/5
   371 | D:1      | Reached skill level 3 in Unarmed Combat
   778 | D:1      | Reached XP level 2. HP: 22/22 MP: 7/7
  1209 | D:2      | Learned a level 2 spell: Wereblood
  1586 | D:2      | Noticed Sigmund
  2169 | D:2      | Noticed Terence
  2184 | D:2      | Mangled by Terence

Illustrated notes

Levels and vault maps discovered:
D:1:      amcnicky_arrival_choice, layout_loops_ring,
          chequers_serial_rivers_small_a
D:2:      layout_loops_cross, basic_altar, st_stairs_11,
          chequers_serial_rivers_room_b, uniq_sigmund, uniq_terence

Skill      XL: |  1  2 |
---------------+-------+-----
Unarmed Combat | 3 |  3.5
Spellcasting   | 2 |  2.1
Fighting       | |  0.8
Dodging        | |  1.7
Transmutations | |  1.7

Action                   || total
-------------------------++-------
Melee: Unarmed           ||    73
       Headbutt          ||     3
       Kick              ||     4
       Punch             ||     1
 Cast: Beastly Appendage ||     8
       Wereblood         ||     1
  Use: Scroll            ||     3
 Stab: Sleeping          ||     3
Armor: Robe              ||    21
Dodge: Dodged            ||    50

Table legend: (Time is in decaauts)
 A = Elapsed time spent in this place.
 B = Non-inter-level travel time spent in this place.
 C = Inter-level travel time spent in this place.
 D = Time resting spent in this place.
 E = Time spent auto-exploring this place.
 F = Levels seen in this place.
 G = Mean time per level.
                   A        B        C        D        E       F      G
               +--------+--------+--------+--------+--------+-----+--------+
         Total |   2182 |   2129 |     53 |    834 |    921 |   2 | 1091.0 |
       Dungeon |   2182 |   2129 |     53 |    834 |    921 |   2 | 1091.0 |
               +--------+--------+--------+--------+--------+-----+--------+

Top non-repeatable levels by time:
     D:1: 1436 daAuts
     D:2: 745 daAuts
